 Dungeon Crawl Stone Soup version 0.30-b1-2-g02819fbbbe (webtiles) character file.

Game seed: 14492115411511648586

2625 Borgoz the Cleaver (level 9, -2/118 HPs)
             Began as a Hill Orc Berserker on June 18, 2023.
             Was a Priest of Trog.
             Slain by an ice beast (14 damage)
             ... on level 8 of the Dungeon.
             The game lasted 00:13:20 (7871 turns).

Borgoz the Cleaver (Hill Orc Berserker)             Turns: 7871, Time: 00:13:20

Health: -2/118     AC: 24    Str: 22    XL:     9   Next: 60%
Magic:  9/9        EV:  2    Int:  7    God:    Trog [***...]
Gold:   376        SH:  0    Dex: 12    Spells: 8/8 levels left

rFire   . . .        a - +0 hand axe
rCold   . . .        (no shield)
rNeg    . . .        j - melded +10 plate armour of the Griffon {rElec rN++ Will- Int+2}
rPois   +            (helmet currently unavailable)
rElec   .            (cloak currently unavailable)
rCorr   .            v - melded +0 pair of gloves
SInv    .            r - melded +1 pair of boots
Will    .....        (no amulet)
Stlth   +            w - +5 ring of evasion
HPRegen 0.39/turn    (no ring)
MPRegen 0.11/turn

%: no passive effects
@: confused, lethally poisoned (-2 -> -10), tree-form, on berserk cooldown,
slowed, very slow
A: stationary, stasis, torment immunity, boosted hp
a: Renounce Religion, Berserk, Trog's Hand


You were on level 8 of the Dungeon.
You worshipped Trog.
Trog was most pleased with you.
You were a tree.
You visited 2 branches of the dungeon, and saw 9 of its levels.
You also visited: Ossuary.

You collected 464 gold pieces.
You spent 88 gold pieces at shops.

Inventory:

Hand Weapons
 a - a +0 hand axe (weapon)
 b - a +0 flail
 t - a +2 dire flail of protection
Missiles
 i - 20 poisoned darts (quivered)
 q - 3 boomerangs
Armour
 c - +0 acid dragon scales
 j - the +10 plate armour of the Griffon (melded) {rElec rN++ Will- Int+2}
   (You found it on level 2 of the Dungeon)

   Int:       It affects your intelligence (+2).
   rElec:     It insulates you from electricity.
   rN:        It greatly protects you from negative energy.
   Will:      It decreases your willpower.
 r - a +1 pair of boots (melded)
 v - a +0 pair of gloves (melded)
Jewellery
 w - a +5 ring of evasion (left branch)
Wands
 f - a wand of mindburst (13)
 m - a wand of roots (19)
 s - a wand of flame (14)
Scrolls
 d - 6 scrolls of teleportation
 e - a scroll of fog
 h - 2 scrolls of blinking
 l - 4 scrolls of fear
 y - a scroll of identify
Potions
 g - 3 potions of lignification
 k - 7 potions of ambrosia
 n - 3 potions of curing
 o - a potion of cancellation
 p - 4 potions of attraction
 u - 2 potions of mutation
 x - 3 potions of heal wounds
 z - a potion of haste {unknown}
 A - a potion of magic


   Skills:
 * Level 7.6 Fighting
 * Level 8.5 Axes
 + Level 3.0 Throwing
 * Level 6.5 Armour
 * Level 4.9 Dodging
 + Level 3.3 Stealth
 + Level 2.3 Evocations


You had 8 spell levels left.
You didn't know any spells.
Your spell library was empty.

Dungeon Overview and Level Annotations

Branches:
Dungeon (8/15)             Temple (1/1) D:5            Lair (0/5) D:8
Ossuary (visited)

Altars:
Ashenzari
Cheibriados
Elyvilon
Fedhas
Gozag
Hepliaklqana
Kikubaaqudgha
Makhleb
Nemelex Xobeh
Sif Muna
Vehumet
Wu Jian
Yredelemnul
Zin
The Shining One

Shops:
D:6 ?   D:7 *

Annotations:
D:8 Erica


Message History

Really quaff the potion of lignification?
You turn into a tree.
Your +0 pair of gloves melds into your body.
Your +1 pair of boots melds into your body.
The +10 plate armour of the Griffon {rElec rN++ Will- Int+2} melds into your body.
Your roots penetrate the ground.
You feel very sick. The hornet stings you.
You are more poisoned.
The hornet stings you!
* * * LOW HITPOINT WARNING * * *
The ice beast completely misses you.
The ice beast hits you but does no damage.
Something hits you.
* * * LOW HITPOINT WARNING * * *
Something burns you.
* * * LOW HITPOINT WARNING * * *
The hornet stings you!
* * * LOW HITPOINT WARNING * * *
You feel as though you will be slow longer.
You cannot move. (Use ctrl+direction or * direction to attack while stationary and confused.)
You cannot move. (Use ctrl+direction or * direction to attack while stationary and confused.)
You miss the ice beast. You miss the hornet. You hit something.
You closely miss the ice beast.
You feel very sick.
The hornet stings you but does no damage.
The ice beast hits you but does no damage. x2
Something completely misses you.
The ice beast hits you but does no damage.
The ice beast barely misses you.
The hornet stings you but does no damage.
Something hits you but does no damage.
You miss something. You closely miss the ice beast.
You hit the ice beast but do no damage. You hit the hornet but do no damage.
You feel very sick.
The hornet stings you but does no damage.
The ice beast hits you.
* * * LOW HITPOINT WARNING * * *
The ice beast freezes you!
You die...

#.........####...........#
#...........####.........>..
#.........#.#####.......##.#
#.........#.....##.##......#
#.........#........# .#.###
#.........#.....#... ....
##.######.#.....###
#......{....#.#
##......♣......#
.......yYY†....#
................#
....#.#...##.....
.....###.## #.... ..#.# ...
.#.. ... .... #.. ... ..>..
.. ....


You could see a hornet and 2 ice beasts.

Vanquished Creatures
  A rime drake (D:8)
  A troll (D:6)
  A steam dragon (D:5)
  Edmund (D:4)
  A water moccasin (D:7)
  3 black bears
  An ice beast (D:8)
  A centaur (D:7)
  3 wolves (D:8)
  A kobold brigand (D:7)
  An elf zombie (Ossuary)
  A bullfrog (D:8)
  2 scorpions
  A howler monkey (D:5)
  2 human zombies (Ossuary)
  3 hounds
  2 jellies (D:5)
  An orc priest (D:4)
  4 iguanas
  A sleepcap (D:7)
  Terence (D:3)
  An orc wizard (D:4)
  2 mummies (Ossuary)
  4 gnolls (D:2)
  15 adders
  A shadow imp (D:5)
  A white imp (D:7)
  An ufetubus (D:5)
  2 adder zombies (Ossuary)
  2 worms
  A dart slug (D:1)
  12 orcs
  7 bats
  6 endoplasms
  3 giant cockroaches
  7 goblins
  3 hobgoblins
  2 jackals (D:2)
  18 kobolds
  3 quokkas
  8 ball pythons
  A frilled lizard (D:2)
  2 goblin zombies (Ossuary)
  11 hobgoblin zombies (Ossuary)
  A jackal zombie (Ossuary)
  8 kobold zombies (Ossuary)
  10 orc zombies (Ossuary)
  6 rats
171 creatures vanquished.

Vanquished Creatures (others)
  3 plants (D:2)
3 creatures vanquished.

Grand Total: 174 creatures vanquished

Notes
Turn   | Place    | Note
-------+----------+-------------------------------------------
     0 | D:1      | Borgoz the Hill Orc Berserker began the quest for the Orb.
     0 | D:1      | Reached XP level 1. HP: 19/19 MP: 1/1
   238 | D:1      | Reached XP level 2. HP: 27/27 MP: 2/2
   757 | D:1      | Reached XP level 3. HP: 33/33 MP: 3/3
   821 | D:1      | Reached ** piety under Trog
  1103 | D:2      | Reached XP level 4. HP: 22/40 MP: 4/4
  1398 | D:2      | Identified the +10 plate armour of the Griffon {rElec rN++
                  | Will- Int+2}
  1607 | D:2      | Found a faded altar of an unknown god.
  1630 | D:2      | Reached skill level 5 in Axes
  1630 | D:2      | Reached skill level 1 in Stealth
  1630 | D:2      | Reached XP level 5. HP: 28/47 MP: 5/5
  2505 | D:3      | Noticed Terence
  2514 | D:3      | Killed Terence
  2978 | D:4      | Reached XP level 6. HP: 51/53 MP: 6/6
  3056 | D:4      | Found a white marble altar of Elyvilon.
  3162 | D:4      | Noticed Edmund
  3173 | D:4      | Killed Edmund
  3174 | D:4      | Reached skill level 5 in Fighting
  3318 | D:4      | Reached XP level 7. HP: 54/61 MP: 7/7
  3360 | D:4      | Reached skill level 1 in Throwing
  3409 | D:4      | Reached skill level 6 in Axes
  3899 | D:5      | Entered Level 5 of the Dungeon
  3919 | D:5      | Found a snail-covered altar of Cheibriados.
  3960 | D:5      | Reached *** piety under Trog
  4022 | D:5      | Noticed a steam dragon
  4035 | D:5      | Killed a steam dragon
  4036 | D:5      | Reached XP level 8. HP: 59/70 MP: 8/8
  4370 | D:5      | Found a staircase to the Ecumenical Temple.
  4425 | Temple   | Entered the Ecumenical Temple
  4662 | D:5      | Reached skill level 5 in Armour
  5494 | D:6      | Noticed a troll
  5504 | D:6      | Killed a troll
  5505 | D:6      | Reached skill level 7 in Axes
  5540 | D:6      | Reached skill level 1 in Evocations
  5591 | D:6      | Found Imeurr's Magic Scroll Shop.
  5601 | D:6      | Bought a scroll of identify for 28 gold pieces
  5601 | D:6      | Bought a scroll of identify for 28 gold pieces
  5622 | D:6      | Found a blossoming altar of Fedhas.
  5625 | D:6      | Found an ancient bone altar of Kikubaaqudgha.
  5882 | D:6      | Found a sand-covered staircase.
  5945 | Ossuary  | Entered an ossuary
  6132 | Ossuary  | Reached **** piety under Trog
  6616 | D:7      | Reached XP level 9. HP: 71/78 MP: 9/9
  6666 | D:7      | Found Moama's General Store.
  6671 | D:7      | Found Emaa's Specific Store.
  6674 | D:7      | Bought a scroll of identify for 32 gold pieces
  7302 | D:7      | Reached skill level 8 in Axes
  7763 | D:8      | Found a shimmering blue altar of Sif Muna.
  7844 | D:8      | Noticed a rime drake
  7846 | D:8      | Found a staircase to the Lair.
  7848 | D:8      | Noticed a hornet
  7848 | D:8      | Noticed Erica
  7854 | D:8      | Killed a rime drake
  7871 | D:8      | Slain by an ice beast

Illustrated notes

Levels and vault maps discovered:
D:1:      psy_arrival_dodecagon, layout_loops_corners
D:2:      layout_basic, shapermc_ecumenical_altar_mp_highgroup,
          lexackson_kobold_supper
D:3:      layout_rooms, ebering_dispersal_statue_hall,
          kennysheep_generic_room_6, uniq_terence
D:4:      layout_cave_pods, nicolae_elyvilon_peaceful_grove, nicolae_half_adder,
          uniq_edmund
D:5:      layout_layer_cave, mainiacjoe_overflow_small_starburst,
          minmay_temple_entry_grid, chequers_garden, kennysheep_pointless_box,
          chequers_serial_rivers_micro_c
D:6:      layout_gridville, grunt_temple_overflow_growth_and_decay,
          enter_ossuary_5, serial_shops, shop_fountains
D:7:      layout_layer_cave, minmay_door_square, nicolae_specific_store
D:8:      layout_rooms, amcnicky_altar_gilded, hellmonk_lair_entry_icy,
          the_hattery, uniq_maggie, uniq_erica
Temple:   eino_temple_lava

Skill      XL: |  1  2  3  4  5  6  7  8  9 |
---------------+----------------------------+-----
Fighting       | 4 5 6 7 |  7.6
Dodging        | 2 3 4 |  4.9
Armour         | 3 4 5 6 |  6.5
Axes           | 5 6 7 8 |  8.5
Stealth        | 1 2 3 |  3.3
Throwing       | 1 2 3 |  3.0
Evocations     | 1 2 |  2.3

Action                     |  1- 3 |  4- 6 |  7- 9 || total
---------------------------+-------+-------+-------++-------
  Melee: Hand axe          |    81 |   261 |   398 ||   740
         Punch             |       |     2 |     4 ||     6
 Invoke: Berserk           |     1 |     4 |     7 ||    12
         Trog's Hand       |       |     1 |       ||     1
    Use: Scroll            |     4 |     8 |     9 ||    21
         Potion            |     1 |       |     1 ||     2
   Stab: Sleeping          |     1 |       |       ||     1
 Armour: Animal skin       |    11 |       |       ||    11
         Ring mail         |    19 |    10 |       ||    29
         Plate armour      |       |   177 |   343 ||   520
         Skin              |       |       |     8 ||     8
  Dodge: Dodged            |    56 |   104 |   215 ||   375
